PCL
LAS VEGAS STARS @ MEXICO CITY CERVECEROS
07/09/2027
 
TOP OF THE 1ST
Las Vegas Stars batting - Pitching for Mexico City Cerveceros : RHP Josh Schmitt
Pitching: RHP Josh Schmitt
Batting: SHB Héctor Barajas 0-0: Ball
1-0: Called Strike
1-1: Ball
2-1: Called Strike
2-2: Ball
3-2: Strikes out swinging
Batting: RHB Juan Valverde 0-0: Foul Ball, location: 2F
0-1: Swinging Strike
0-2: Ball
1-2: Foul Ball, location: 2F
1-2: Ball
2-2: Ball
3-2: Ground out 6-3 (Groundball, 6)
Batting: LHB Bryan Foster 0-0: Foul Ball, location: 2F
0-1: Ball
1-1: Swinging Strike
1-2: Ball
2-2: Ball
3-2: Base on Balls
Batting: RHB Júlio Caraballo 0-0: 2-RUN HOME RUN (Flyball, 78XD), Distance : 414 ft
Batting: RHB Brian George 0-0: Foul Ball, location: 2F
0-1: Called Strike
0-2: Ball
1-2: Foul Ball, location: 2F
1-2: Ball
2-2: Foul Ball, location: 2F
2-2: Ball
3-2: Fly out, F9 (Flyball, 9S)
Top of the 1st over - 2 run(s), 1 hit(s), 0 error(s), 0 left on base; Las Vegas 2 - Mexico City 0
BOTTOM OF THE 1ST
Mexico City Cerveceros batting - Pitching for Las Vegas Stars : RHP Javier Valenzuela
Pitching: RHP Javier Valenzuela
Batting: LHB Javier Escobedo 0-0: Swinging Strike
0-1: DOUBLE (Line Drive, 8RD)
Batting: LHB Eduardo Gómez 0-0: Ball
1-0: Called Strike
1-1: Ball
2-1: Swinging Strike
2-2: Ball
3-2: Strikes out looking
Batting: RHB Tae-kwon Kwon 0-0: Ball
1-0: Swinging Strike
1-1: Fly out, F9 (Line Drive, 89M)
Batting: RHB Arnold Harmon 0-0: Swinging Strike
0-1: Swinging Strike
0-2: Strikes out looking
Bottom of the 1st over - 0 run(s), 1 hit(s), 0 error(s), 1 left on base; Las Vegas 2 - Mexico City 0
TOP OF THE 2ND
Las Vegas Stars batting - Pitching for Mexico City Cerveceros : RHP Josh Schmitt
Batting: LHB Diego Torres 0-0: Ball
1-0: Hit by Pitch
Batting: RHB Zack Flint 0-0: Ball
1-0: Swinging Strike
1-1: Grounds into double play, 5-4-3 (Groundball, 56)
Batting: RHB Ryan McBride 0-0: Ball
1-0: DOUBLE (Flyball, 78XD)
Batting: LHB Ethan Marshall 0-0: Foul Ball, location: 2F
0-1: Called Strike
0-2: Strikes out looking
Top of the 2nd over - 0 run(s), 1 hit(s), 0 error(s), 1 left on base; Las Vegas 2 - Mexico City 0
BOTTOM OF THE 2ND
Mexico City Cerveceros batting - Pitching for Las Vegas Stars : RHP Javier Valenzuela
Batting: RHB Juan Jose Guevana 0-0: Called Strike
0-1: Ball
1-1: Ball
2-1: Ball
3-1: Base on Balls
Batting: RHB Dennis Stephenson 0-0: Called Strike
0-1: Ball
1-1: Ball
2-1: SINGLE (Flyball, 9S)
Juan Jose Guevana to second
Throwing error, E9
Juan Jose Guevana scores
Dennis Stephenson to second
Batting: LHB Gary Kern 0-0: Called Strike
0-1: Called Strike
0-2: Ball
1-2: Ball
2-2: Ball
3-2: Strikes out swinging
Batting: RHB Hamilton Holbrook 0-0: Ball
1-0: Ball
2-0: Called Strike
2-1: Foul Ball, location: 2F
2-2: Foul Ball, location: 2F
2-2: Strikes out swinging
Batting: LHB Jesús Núñez 0-0: Ball
1-0: Called Strike
1-1: DOUBLE (Line Drive, 8RD)
Dennis Stephenson scores
Batting: LHB Javier Escobedo 0-0: Ball
1-0: Foul Ball, location: 2F
1-1: Called Strike
1-2: Foul Ball, location: 2F
1-2: Ball
2-2: Foul Ball, location: 2F
2-2: Ground out 4-3 (Groundball, 34)
Bottom of the 2nd over - 2 run(s), 2 hit(s), 1 error(s), 1 left on base; Las Vegas 2 - Mexico City 2
TOP OF THE 3RD
Las Vegas Stars batting - Pitching for Mexico City Cerveceros : RHP Josh Schmitt
Batting: SHB Héctor Barajas 0-0: SINGLE (Groundball, 34D)
Batting: RHB Juan Valverde 0-0: Foul Ball, location: 2F
0-1: Grounds into double play, 6-4-3 (Groundball, 6)
Batting: LHB Bryan Foster 0-0: Called Strike
0-1: Ball
1-1: Ball
2-1: Ball
3-1: Base on Balls
Batting: RHB Júlio Caraballo 0-0: Ball
Bryan Foster is caught stealing 2nd base
Top of the 3rd over - 0 run(s), 1 hit(s), 0 error(s), 0 left on base; Las Vegas 2 - Mexico City 2
BOTTOM OF THE 3RD
Mexico City Cerveceros batting - Pitching for Las Vegas Stars : RHP Javier Valenzuela
Batting: LHB Eduardo Gómez 0-0: Swinging Strike
0-1: Swinging Strike
0-2: Ball
1-2: Ball
2-2: Strikes out swinging
Batting: RHB Tae-kwon Kwon 0-0: Ball
1-0: Ball
2-0: Called Strike
2-1: Foul Ball, location: 2F
2-2: Ball
3-2: Base on Balls
Batting: RHB Arnold Harmon 0-0: Called Strike
0-1: Ball
1-1: Swinging Strike
1-2: Ball
2-2: SINGLE (Groundball, 34D)
Tae-kwon Kwon to second
Runner from 2nd tries for 3rd, SAFE, throw made to third
Arnold Harmon to second
Batting: RHB Juan Jose Guevana 0-0: Foul Ball, location: 2F
0-1: Swinging Strike
0-2: Ball
1-2: Foul Ball, location: 2F
1-2: Foul Ball, location: 2F
1-2: Ball
2-2: Ball
3-2: Base on Balls
Batting: RHB Dennis Stephenson 0-0: Swinging Strike
0-1: Ball
1-1: Foul Ball, location: 2F
1-2: Ball
2-2: Strikes out looking
Pitching: LHP Ricardo Díaz
Batting: LHB Gary Kern 0-0: Ball
1-0: Ground out 5-3 (Groundball, 2L)
Bottom of the 3rd over - 0 run(s), 1 hit(s), 0 error(s), 3 left on base; Las Vegas 2 - Mexico City 2
TOP OF THE 4TH
Las Vegas Stars batting - Pitching for Mexico City Cerveceros : RHP Josh Schmitt
Batting: RHB Júlio Caraballo 0-0: Ball
1-0: Fly out, F1 (Line Drive, 13S)
Batting: RHB Brian George 0-0: Ball
1-0: Ball
2-0: Ball
3-0: Base on Balls
Batting: LHB Diego Torres 0-0: Grounds into double play, 4-6-3 (Groundball, 4)
Top of the 4th over - 0 run(s), 0 hit(s), 0 error(s), 0 left on base; Las Vegas 2 - Mexico City 2
BOTTOM OF THE 4TH
Mexico City Cerveceros batting - Pitching for Las Vegas Stars : LHP Ricardo Díaz
Batting: RHB Hamilton Holbrook 0-0: Swinging Strike
0-1: Foul Ball, location: 2F
0-2: Foul Ball, location: 2F
0-2: Foul Ball, location: 2F
0-2: Strikes out swinging
Batting: LHB Jesús Núñez 0-0: Swinging Strike
0-1: Foul Ball, location: 2F
0-2: Ball
1-2: SINGLE (Groundball, 6D)
Batting: LHB Javier Escobedo 0-0: Swinging Strike
0-1: Foul Ball, location: 2F
0-2: Foul Ball, location: 2F
0-2: Ball
1-2: Ball
Wild Pitch!
Jesús Núñez to second
2-2: Foul Ball, location: 2F
2-2: Strikes out swinging
Batting: LHB Eduardo Gómez 0-0: Swinging Strike
Passed Ball!
Jesús Núñez to third
0-1: TRIPLE (Flyball, 89XD)
Jesús Núñez scores
Batting: RHB Tae-kwon Kwon 0-0: Foul Ball, location: 2F
0-1: Swinging Strike
0-2: Ball
1-2: Foul Ball, location: 2F
1-2: Ball
2-2: Ball
3-2: Ground out 5-3 (Groundball, 5)
Bottom of the 4th over - 1 run(s), 2 hit(s), 0 error(s), 1 left on base; Las Vegas 2 - Mexico City 3
TOP OF THE 5TH
Las Vegas Stars batting - Pitching for Mexico City Cerveceros : RHP Josh Schmitt
Batting: RHB Zack Flint 0-0: Called Strike
0-1: Ball
1-1: Ball
2-1: Foul Ball, location: 2F
2-2: Foul Ball, location: 2F
2-2: Ball
3-2: Foul Ball, location: 2F
3-2: Base on Balls
Batting: RHB Ryan McBride 0-0: Ball
1-0: SINGLE (Groundball, 34D)
Zack Flint to second
Runner from 2nd tries for 3rd, SAFE, throw made to third
Batting: LHB Ethan Marshall 0-0: Swinging Strike
0-1: SINGLE (Line Drive, 4MD)
Zack Flint scores
Ryan McBride to second
Batting: SHB Héctor Barajas 0-0: Ball
1-0: Ball
2-0: Ball
3-0: Called Strike
3-1: Base on Balls
Ryan McBride to third
Ethan Marshall to second
Batting: RHB Juan Valverde 0-0: SINGLE (Groundball, 6D)
Ryan McBride scores
Ethan Marshall to third
Héctor Barajas to second
Runner from 3rd tries for Home, SAFE, no throw
Pitching: RHP Jesús Delgado
Batting: LHB Bryan Foster 0-0: Ball
1-0: Swinging Strike
1-1: Ball
2-1: Fly out, F7 (Flyball, 7LS)
Batting: RHB Júlio Caraballo 0-0: Called Strike
0-1: Ball
1-1: Fly out, F9 (Flyball, 9S)
Batting: RHB Brian George 0-0: Called Strike
0-1: Swinging Strike
0-2: Foul Ball, location: 2F
0-2: Strikes out swinging
Top of the 5th over - 3 run(s), 3 hit(s), 0 error(s), 2 left on base; Las Vegas 5 - Mexico City 3
BOTTOM OF THE 5TH
Mexico City Cerveceros batting - Pitching for Las Vegas Stars : LHP Ricardo Díaz
Batting: RHB Arnold Harmon 0-0: Called Strike
0-1: Ball
1-1: Foul Ball, location: 2F
1-2: Foul Ball, location: 2F
1-2: Foul Ball, location: 2F
1-2: Foul Ball, location: 2F
1-2: SINGLE (Groundball, 3D)
Batting: RHB Juan Jose Guevana 0-0: Called Strike
0-1: Ball
1-1: Foul Ball, location: 2F
1-2: Fly out, F8 (Flyball, 8RD)
Batting: RHB Dennis Stephenson 0-0: Ball
1-0: Ball
2-0: 2-RUN HOME RUN (Flyball, 78XD), Distance : 389 ft
Pitching: RHP Jorge Oliva
Batting: LHB Gary Kern 0-0: Called Strike
0-1: Ball
1-1: Ball
2-1: SINGLE (Groundball, 4D)
Batting: RHB Hamilton Holbrook 0-0: Foul Ball, location: 2F
0-1: Foul Ball, location: 2F
0-2: Ground out 5-3 (Groundball, 56)
Gary Kern to second
Batting: LHB Jesús Núñez 0-0: Ball
1-0: Ball
2-0: Ball
3-0: Base on Balls
Batting: LHB Javier Escobedo 0-0: Called Strike
0-1: Ball
1-1: Ball
2-1: Ball
3-1: Called Strike
3-2: Foul Ball, location: 2F
3-2: Strikes out looking
Bottom of the 5th over - 2 run(s), 3 hit(s), 0 error(s), 2 left on base; Las Vegas 5 - Mexico City 5
TOP OF THE 6TH
Las Vegas Stars batting - Pitching for Mexico City Cerveceros : RHP Jesús Delgado
Batting: LHB Diego Torres 0-0: Ball
1-0: Ball
2-0: Fly out, F9 (Flyball, 89M)
Batting: RHB Zack Flint 0-0: Foul Ball, location: 2F
0-1: Ball
1-1: Called Strike
1-2: Ball
2-2: Ball
3-2: Base on Balls
Batting: RHB Ryan McBride 0-0: Ball
1-0: SINGLE (Line Drive, 4M)
Zack Flint to second
Batting: LHB Ethan Marshall 0-0: Fielders Choice at 2nd, 1-6 (Groundball, 13S)
Zack Flint to third
Batting: SHB Héctor Barajas 0-0: Ball
1-0: Foul Ball, location: 2F
1-1: Called Strike
1-2: Fly out, F8 (Flyball, 8LM)
Top of the 6th over - 0 run(s), 1 hit(s), 0 error(s), 2 left on base; Las Vegas 5 - Mexico City 5
BOTTOM OF THE 6TH
Mexico City Cerveceros batting - Pitching for Las Vegas Stars : RHP Jorge Oliva
Batting: LHB Eduardo Gómez 0-0: Ball
1-0: Ball
2-0: Ball
3-0: Base on Balls
Batting: RHB Tae-kwon Kwon 0-0: Called Strike
0-1: Swinging Strike
0-2: Ball
1-2: Ball
2-2: Foul Ball, location: 2F
2-2: Foul Ball, location: 2F
2-2: SINGLE (Line Drive, 8LS)
Eduardo Gómez to second
Pitching: LHP Jesús González
Batting: RHB Arnold Harmon 0-0: Called Strike
0-1: Ball
1-1: Ball
2-1: Grounds into double play, 6-4-3 (Groundball, 6)
Eduardo Gómez to third
Batting: RHB Juan Jose Guevana 0-0: Ball
1-0: Called Strike
1-1: Called Strike
1-2: Ball
2-2: Ball
3-2: Base on Balls
Batting: RHB Dennis Stephenson 0-0: Ball
1-0: Fielders Choice at 2nd, 4-6 (Groundball, 4)
Bottom of the 6th over - 0 run(s), 1 hit(s), 0 error(s), 1 left on base; Las Vegas 5 - Mexico City 5
TOP OF THE 7TH
Las Vegas Stars batting - Pitching for Mexico City Cerveceros : RHP Jesús Delgado
Batting: RHB Juan Valverde 0-0: Ground out 6-3 (Groundball, 6)
Pitching: LHP Rubén Rico
Pinch Hitting: RHB Kyle Bacon 0-0: Fly out, F8 (Flyball, 8RM)
Pitching: RHP Clint Tancock
Batting: RHB Júlio Caraballo 0-0: Called Strike
0-1: Ball
1-1: Foul Ball, location: 2F
1-2: Strikes out swinging
Top of the 7th over - 0 run(s), 0 hit(s), 0 error(s), 0 left on base; Las Vegas 5 - Mexico City 5
BOTTOM OF THE 7TH
Mexico City Cerveceros batting - Pitching for Las Vegas Stars : LHP Jesús González
Now in CF: Joaquín González
Pinch Hitting: RHB Dave Morgan 0-0: Swinging Strike
0-1: Ball
1-1: Foul Ball, location: 2F
1-2: Ball
2-2: Ball
3-2: Foul Ball, location: 2F
3-2: Strikes out looking
Batting: RHB Hamilton Holbrook 0-0: Foul Ball, location: 2F
0-1: Ball
1-1: Called Strike
1-2: Strikes out swinging
Pinch Hitting: RHB Carl Martin 0-0: Foul Ball, location: 2F
0-1: Foul Ball, location: 2F
0-2: Ball
1-2: Strikes out swinging
Bottom of the 7th over - 0 run(s), 0 hit(s), 0 error(s), 0 left on base; Las Vegas 5 - Mexico City 5
TOP OF THE 8TH
Las Vegas Stars batting - Pitching for Mexico City Cerveceros : RHP Clint Tancock
Now at SS: Robinson Pacheco
Now in RF: Carl Martin
Batting: RHB Brian George 0-0: Foul Ball, location: 2F
0-1: Ball
1-1: Ball
2-1: Reached on error, E5 (Groundball, 56)
Batting: LHB Diego Torres 0-0: Ground out 4-3 (Groundball, 34)
Brian George to second
Pinch Hitting: SHB Sloan James 0-0: DOUBLE (Line Drive, 9LM)
Brian George scores
Batting: RHB Ryan McBride 0-0: SINGLE (Line Drive, 89S)
Sloan James to third
Runner from 3rd tries for Home, SAFE, throw made home
Ryan McBride to second
Batting: LHB Ethan Marshall 0-0: Intentional Walk
Pitching: RHP Dae-hee Ch'oe
Batting: SHB Héctor Barajas 0-0: Ball
1-0: Called Strike
1-1: Fly out, F7 (Flyball, 7S)
Batting: RHB Juan Valverde 0-0: Ball
1-0: Ball
2-0: Ball
3-0: Called Strike
3-1: Called Strike
3-2: SINGLE (Groundball, 6MD)
Ryan McBride to third
Ethan Marshall to second
Ryan McBride scores
Ethan Marshall to third
Batting: LHB Joaquín González 0-0: Foul Ball, location: 2F
0-1: Swinging Strike
0-2: SINGLE (Groundball, 56D)
Ethan Marshall scores
Juan Valverde to second
Batting: RHB Júlio Caraballo 0-0: Called Strike
0-1: Ball
1-1: Ball
2-1: Swinging Strike
2-2: Strikes out swinging
Top of the 8th over - 4 run(s), 4 hit(s), 1 error(s), 2 left on base; Las Vegas 9 - Mexico City 5
BOTTOM OF THE 8TH
Mexico City Cerveceros batting - Pitching for Las Vegas Stars : LHP Jesús González
Now in LF: José Zúñiga
Batting: LHB Javier Escobedo 0-0: Called Strike
0-1: Ball
1-1: Ground out U3 (Groundball, 3)
Batting: LHB Eduardo Gómez 0-0: Ball
1-0: Foul Ball, location: 2F
1-1: Ball
2-1: Ball
3-1: Base on Balls
Batting: RHB Tae-kwon Kwon 0-0: Foul Ball, location: 2F
0-1: Swinging Strike
0-2: Ball
1-2: Strikes out swinging
Batting: RHB Arnold Harmon 0-0: Called Strike
0-1: Ball
1-1: Ball
2-1: Swinging Strike
2-2: Strikes out swinging
Bottom of the 8th over - 0 run(s), 0 hit(s), 0 error(s), 1 left on base; Las Vegas 9 - Mexico City 5
TOP OF THE 9TH
Las Vegas Stars batting - Pitching for Mexico City Cerveceros : RHP Dae-hee Ch'oe
Batting: RHB Brian George 0-0: Fly out, F9 (Flyball, 9S)
Batting: LHB Diego Torres 0-0: Ball
1-0: Ball
2-0: Foul Ball, location: 2F
2-1: Fly out, F8 (Flyball, 8LM)
Batting: RHB José Zúñiga 0-0: Called Strike
0-1: Foul Ball, location: 2F
0-2: Foul Ball, location: 2F
0-2: Ball
1-2: SINGLE (Flyball, 4MD)
Batting: RHB Ryan McBride 0-0: Called Strike
0-1: Ball
1-1: Called Strike
1-2: Strikes out swinging
Top of the 9th over - 0 run(s), 1 hit(s), 0 error(s), 1 left on base; Las Vegas 9 - Mexico City 5
BOTTOM OF THE 9TH
Mexico City Cerveceros batting - Pitching for Las Vegas Stars : LHP Jesús González
Batting: RHB Juan Jose Guevana 0-0: Foul Ball, location: 2F
0-1: Called Strike
0-2: Fly out, F9 (Flyball, 9)
Batting: RHB Dennis Stephenson 0-0: Swinging Strike
0-1: Ball
1-1: Ball
2-1: Ball
3-1: Foul Ball, location: 2F
3-2: SINGLE (Line Drive, 9S)
Pitching: RHP Emílio Núñez
Batting: RHB Robinson Pacheco 0-0: SINGLE (Groundball, 6D)
Dennis Stephenson to second
Pitching: LHP Craig Bowling
Batting: RHB Hamilton Holbrook 0-0: 3-RUN HOME RUN (Flyball, 7D), Distance : 368 ft
Batting: RHB Carl Martin 0-0: Ball
1-0: Called Strike
1-1: Ball
2-1: Foul Ball, location: 2F
2-2: Ball
3-2: Base on Balls
Pinch Hitting: RHB Jorge González 0-0: Called Strike
0-1: Foul Ball, location: 2F
0-2: Ball
1-2: DOUBLE (Flyball, 8LD)
Carl Martin to third
Batting: LHB Eduardo Gómez 0-0: Ball
1-0: Fly out, F8 (Flyball, 8RXD)
Runner from 3rd tags up, SCORES, no throw
Pitching: RHP Ken Burris
Batting: RHB Tae-kwon Kwon 0-0: Ball
1-0: Ball
2-0: Foul Ball, location: 2F
2-1: Foul Ball, location: 2F
2-2: Ground out 1-3 (Groundball, 13)
Bottom of the 9th over - 4 run(s), 4 hit(s), 0 error(s), 1 left on base; Las Vegas 9 - Mexico City 9
TOP OF THE 10TH
Las Vegas Stars batting - Pitching for Mexico City Cerveceros : RHP Dae-hee Ch'oe
Pitching: RHP Francisco Carrasco
Now at 2B: Orlando Núñes
Batting: LHB Ethan Marshall 0-0: Ball
1-0: Swinging Strike
1-1: Ball
2-1: Foul Ball, location: 2F
2-2: Strikes out swinging
Batting: SHB Héctor Barajas 0-0: Ball
1-0: Foul Ball, location: 2F
1-1: Swinging Strike
1-2: Foul Ball, location: 2F
1-2: Ball
2-2: Ball
3-2: Strikes out swinging
Batting: RHB Juan Valverde 0-0: Ball
1-0: Called Strike
1-1: Ball
2-1: Called Strike
2-2: Strikes out swinging
Top of the 10th over - 0 run(s), 0 hit(s), 0 error(s), 0 left on base; Las Vegas 9 - Mexico City 9
BOTTOM OF THE 10TH
Mexico City Cerveceros batting - Pitching for Las Vegas Stars : RHP Ken Burris
Batting: RHB Arnold Harmon 0-0: Called Strike
0-1: Ball
1-1: Ball
2-1: Ball
3-1: Fly out, F5 (Popup, 5L)
Batting: RHB Juan Jose Guevana 0-0: Ball
1-0: Ball
2-0: Ball
3-0: Base on Balls
Batting: RHB Dennis Stephenson 0-0: Called Strike
0-1: Ground out 5-3 (Groundball, 56S)
Juan Jose Guevana to second
Batting: RHB Robinson Pacheco 0-0: Ball
1-0: Called Strike
1-1: DOUBLE (Line Drive, 7LM)
Juan Jose Guevana scores
Thursday, March 30th, 2017 - OOTP Baseball 17.12 Build 75